 Dungeon Crawl Stone Soup version 0.27.0-1-g7a08968 (webtiles) character file.

Game seed: 8426774334874199440

88274 thesequoiad the Peltast (level 15, -29/143 HPs)
             Began as a Minotaur Fighter on Aug 12, 2021.
             Was an Initiate of Gozag.
             Killed from afar by a tengu reaver (51 damage)
             ... with a bolt of lightning
             ... on level 13 of the Dungeon.
             The game lasted 01:20:27 (29638 turns).

thesequoiad the Peltast (Minotaur Fighter)         Turns: 29638, Time: 01:20:27

Health: -29/143    AC: 13    Str: 33    XL:     15   Next: 46%
Magic:  14/14      EV: 13    Int:  7    God:    Gozag
Gold:   1908       SH: 29    Dex: 14    Spells: 12/14 levels left

rFire    + + .     SeeInvis +   a - +3 war axe "Uzxaimob" {vorpal, rF+ rC+ rN+ Dex+3}
rCold    + + .     Faith    .   q - +0 tower shield
rNeg     + . .     Spirit   .   y - +0 swamp dragon scales
rPois    +         Reflect  +   (helmet restricted)
rElec    .         Harm     .   d - scarf {rC+ rF+}
rCorr    .         Rampage  .   l - +0 pair of gloves {Str+3}
Will     +....                  k - +0 pair of boots
Stlth    +.........             s - amulet of reflection
HPRegen  0.33/turn              L - +4 ring of evasion
MPRegen  0.14/turn              R - ring "Acyacits" {Str+6 SInv}

@: no status effects
A: horns 2, retaliatory headbutt
a: Renounce Religion, Potion Petition, Call Merchant, Bribe Branch


You were on level 13 of the Dungeon.
You worshipped Gozag.
Gozag was most pleased with you.
You visited 3 branches of the dungeon, and saw 20 of its levels.
You also visited: Ice Cave and Volcano.

You collected 5988 gold pieces.
You spent 441 gold pieces at shops.
You paid 3639 gold pieces to Gozag.

Inventory:

Hand Weapons
 a - the +3 war axe "Uzxaimob" (weapon) {vorpal, rF+ rC+ rN+ Dex+3}
   (You acquired it on level 4 of the Dungeon)

   It inflicts extra damage upon your enemies.
   Dex:       It affects your dexterity (+3).
   rF:        It protects you from fire.
   rC:        It protects you from cold.
   rN:        It protects you from negative energy.
 b - a +2 hunting sling of flaming
Missiles
 p - 9 atropa-tipped darts
 w - 76 sling bullets
 D - 58 poisoned darts (quivered)
Armour
 c - a +0 kite shield
 d - a scarf of resistance (worn)
 k - a +0 pair of boots (worn)
 l - a +0 pair of gloves of strength (worn)
 q - a +0 tower shield (worn)
 y - +0 swamp dragon scales (worn)
 W - a +1 chain mail of fire resistance
Magical Staves
 u - a staff of cold
Jewellery
 i - a ring of resist corrosion
 s - an amulet of reflection (around neck)
 t - a ring of fire
 B - an amulet of the acrobat
 G - a ring of wizardry
 L - a +4 ring of evasion (left hand)
 N - a +6 ring of dexterity
 O - a ring of protection from cold
 R - the ring "Acyacits" (right hand) {Str+6 SInv}
   (You found it on level 10 of the Dungeon)

   [ring of strength]

   Str:       It affects your strength (+6).
   SInv:      It lets you see invisible.
Wands
 H - a wand of mindburst (26)
 M - a wand of flame (39)
 U - a wand of polymorph (2)
Scrolls
 e - 9 scrolls of teleportation
 h - 5 scrolls of holy word
 j - 2 scrolls of enchant armour
 n - a scroll of amnesia
 v - a scroll of silence
 x - 4 scrolls of fog
 A - a scroll of immolation {unknown}
 F - 3 scrolls of enchant weapon
 I - a scroll of brand weapon {unknown}
 J - 3 scrolls of fear
 P - a scroll of blinking
Potions
 f - a potion of magic {unknown}
 m - 2 potions of brilliance {unknown}
 o - a potion of degeneration {unknown}
 r - a potion of cancellation {unknown}
 z - 5 potions of curing
 C - 6 potions of lignification {unknown}
 E - 4 potions of flight
 K - 3 potions of attraction {unknown}
 S - 3 potions of invisibility {unknown}
 T - a potion of mutation {unknown}
 V - 5 potions of haste {unknown}
Miscellaneous
 Q - a tin of tremorstones (2/2)


   Skills:
 + Level 15.7 Fighting
 + Level 15.6 Axes
 - Level 10.0 Armour
 + Level 17.8 Shields
 - Level 1.0 Ice Magic
 - Level 1.0 Air Magic
 - Level 1.0 Poison Magic
 - Level 10.0 Evocations


You had 12 spell levels left.
You knew the following spells:

 Your Spells              Type           Power      Damage    Failure   Level
a - Poisonous Vapours     Pois/Air       2%         N/A       83%         2

Your spell library contained the following spells:

 Spells                   Type           Power      Damage    Failure   Level
 Sting                    Tmut/Pois      0%         1d3       77%         1
 Static Discharge         Conj/Air       0%         N/A       88%         2
 Sublimation of Blood     Necr           0%         N/A       93%         2
 Mephitic Cloud           Conj/Pois/Air  0%         N/A       98%         3
 Ignite Poison            Fire/Tmut/Pois 0%         N/A       99%         3
 Dispel Undead            Necr           0%         3d6       100%        4
 Olgreb's Toxic Radiance  Pois           1%         N/A       100%        4
 Petrify                  Tmut/Erth      0%         N/A       100%        4
 Sticky Flame             Conj/Fire      0%         2d3       100%        4
 Bolt of Magma            Conj/Fire/Erth 0%         4d4       100%        5
 Irradiate                Conj/Tmut      0%         3d13      100%        5


Dungeon Overview and Level Annotations

Branches:
Dungeon (13/15)            Temple (1/1) D:5            Lair (6/6) D:9
  Swamp (0/4) Lair:4        Snake (0/4) Lair:3        Slime (0/5) Lair:5
    Orc (0/2) D:10         Vaults (0/5) D:13          IceCv (visited)
Volcano (visited)

Altars:
Ashenzari
Cheibriados
Dithmenos
Elyvilon
Fedhas
Gozag
Hepliaklqana
Kikubaaqudgha
Makhleb
Nemelex Xobeh
Okawaru
Qazlal
Ru
Sif Muna
Trog
Uskayaw
Vehumet
Wu Jian
Xom
Yredelemnul
Zin
The Shining One
Jiyva

Shops:
D:2 *!   D:5 =   D:8 ((   D:9 *   D:11 *(=

Portals:
Hell: Lair:6

Annotations:
D:10 exclusion: oklob plant


Innate Abilities, Weirdness & Mutations

You have a pair of horns on your head.
You reflexively headbutt those who attack you in melee.


Message History

You barely miss the tengu reaver.
The tengu reaver is moderately wounded.
The tengu reaver points at you and mumbles some strange words.
The bolt of acid hits you!!!
You are splashed with acid!
You hit the tengu reaver. Your headbutt misses the tengu reaver.
The tengu reaver is moderately wounded.
The tengu reaver hits you with a +0 great mace!
You block the tengu reaver's attack. The tengu reaver barely misses you.
You are too injured to fight recklessly!
You are too injured to fight recklessly!
You are too injured to fight recklessly!
You are too injured to fight recklessly!
You are too injured to fight recklessly!
Unknown command.
You slash the tengu reaver! Your headbutt misses the tengu reaver.
The tengu reaver is heavily wounded.
You block the tengu reaver's attack.
The tengu reaver pecks you but does no damage.
You block the tengu reaver's attack.
You barely miss the tengu reaver. Your headbutt misses the tengu reaver.
The tengu reaver is heavily wounded.
You closely miss the orc wizard.
The tengu reaver hits you with a +0 great mace!!
* * * LOW HITPOINT WARNING * * *
You block the tengu reaver's attack. x2
The orc wizard hits you but does no damage.
Okay, then.
Aiming: Paralyse
Press: ? - help, Shift-Dir - straight line, f - tengu reaver
Aim: a tengu reaver, wielding a +0 great mace and wearing a +2 ring mail of fire resistance (heavily wounded, chance to affect: 37%)
The tengu reaver resists with some effort.
The now-empty wand crumbles to dust.
The tengu reaver casts a spell at you. The bolt of fire hits you! You resist.
* * * LOW HITPOINT WARNING * * *
You block the orc wizard's attack.
The tengu reaver points at you and mumbles some strange words.
The bolt of lightning hits you!!!
You die...
Your body crumbles into a pile of gold.

#..............
#......####....
####......##......
#.........#.......
#.#########..#####
#.# # #.....#
#.#.# #....##
##)#.# #..###
##.@..# #..#
#.....# #..#
##.Qo.# ####
#$...# .....#
........
...........
........!...
.............


You could see a tengu reaver and an orc wizard.

Vanquished Creatures
  Rupert (Lair:4)
  Josephine (Lair:4)
  A boulder beetle (D:13)
  10 hydras
  A hell beast (Lair:6)
  2 centaur warriors
  2 ice dragons
  5 two-headed ogres
  19 death yaks
  An alligator (Lair:6)
  A death knight (D:13)
  A deep troll earth mage (D:13)
  A hell knight (Volcano)
  A death drake (shapeshifter) (D:13)
  Pikel (D:6)
  3 ugly things
  5 cyclopes
  A lindwurm (Lair:6)
  2 deep elf pyromancers (D:12)
  3 oklob plants
  19 slime creatures
  3 black mambas
  An ice statue (IceCv)
  10 elephants
  A smoke demon (Lair:6)
  2 molten gargoyles (Volcano)
  15 cane toads
  2 torpor snails
  Maggie (D:6)
  An orange demon (Lair:6)
  3 kobold demonologists
  4 rime drakes
  An unseen horror (D:12)
  6 ice devils
  A yaktaur (Volcano)
  12 komodo dragons
  2 entropy weaver simulacra (IceCv)
  A red devil (Lair:6)
  A troll (D:12)
  A jumping spider (shapeshifter) (D:13)
  3 hornets (D:9)
  5 polar bears
  Prince Ribbit (D:6)
  9 blink frogs
  11 dream sheep
  A meliai zombie (D:11)
  Sigmund (D:2)
  A yak (shapeshifter) (D:13)
  2 fire bats (Volcano)
  8 wraiths
  31 yaks
  2 wyverns
  3 basilisks
  9 vampire mosquitoes
  6 nagas (Lair:3)
  Edmund (D:6)
  3 acid dragons
  A demonic crawler simulacrum (IceCv)
  4 hell hounds (Lair:6)
  23 water moccasins
  4 orc warriors
  2 floating eyes (D:9)
  2 black bears (Lair:1)
  A hornet zombie (D:8)
  3 sky beasts
  6 ice beasts
  2 ogres
  20 wolves
  2 ugly thing simulacra (IceCv)
  14 centaurs
  25 bullfrogs
  A water moccasin zombie (D:5)
  3 glowing shapeshifter simulacra (IceCv)
  3 scorpions
  A wyvern skeleton (D:6)
  5 wights
  5 howler monkeys
  3 electric eels
  7 lava snakes (Volcano)
  5 orc priests
  4 hounds
  2 jellies
  2 bullfrog skeletons (D:5)
  A gnoll shaman (D:6)
  Natasha (twice) (D:2)
  5 iguanas
  Terence (D:2)
  7 orc wizards
  22 hell rats
  A killer bee zombie (D:6)
  A hound zombie (D:5)
  A hound skeleton (D:5)
  4 howler monkey zombies
  11 gnolls
  A howler monkey skeleton (D:6)
  10 adders
  3 river rats (D:3)
  An adder skeleton (D:2)
  2 worms
  5 dart slugs
  21 orcs
  10 endoplasms
  2 giant cockroaches (D:1)
  8 goblins
  6 hobgoblins
  9 jackals
  6 kobolds
  A quokka (D:4)
  2 ball pythons (D:1)
  7 bats
  8 frilled lizards
  13 rats
  A butterfly (Lair:1)
568 creatures vanquished.

Vanquished Creatures (others)
  2 dancing weapons (D:13)
  A wizard (Lair:6)
  A kobold brigand (D:9)
  A bush (Lair:4)
  38 fungi
  43 plants
  18 toadstools (D:10)
104 creatures vanquished.

Grand Total: 672 creatures vanquished

Notes
Turn   | Place    | Note
-------+----------+-------------------------------------------
     0 | D:1      | thesequoiad the Minotaur Fighter began the quest for the
                  | Orb.
     0 | D:1      | Reached XP level 1. HP: 19/19 MP: 0/0
    91 | D:1      | Reached skill level 4 in Shields
    91 | D:1      | Reached XP level 2. HP: 27/27 MP: 1/1
   397 | D:1      | Reached XP level 3. HP: 28/33 MP: 2/2
  1182 | D:1      | Found a faded altar of an unknown god.
  1389 | D:2      | Found Panuz's Distillery.
  1398 | D:2      | Bought a potion of curing for 33 gold pieces
  1531 | D:2      | Noticed Sigmund
  1537 | D:2      | Killed Sigmund
  1538 | D:2      | Reached skill level 6 in Shields
  1538 | D:2      | Reached XP level 4. HP: 41/41 MP: 3/3
  1538 | D:2      | Reached XP level 5. HP: 47/47 MP: 4/4
  1573 | D:2      | Noticed Terence
  1582 | D:2      | Killed Terence
  1583 | D:2      | Reached skill level 5 in Fighting
  1648 | D:2      | Found Fokung's General Store.
  1780 | D:2      | Noticed Natasha
  1784 | D:2      | Killed Natasha
  1785 | D:2      | Reached XP level 6. HP: 56/56 MP: 5/5
  2184 | D:2      | Noticed Natasha
  2191 | D:2      | Killed Natasha
  2218 | D:3      | Found an ancient bone altar of Kikubaaqudgha.
  2496 | D:3      | Found a glowing drain.
  2516 | D:3      | Reached skill level 7 in Shields
  3092 | D:4      | Reached skill level 5 in Axes
  3092 | D:4      | Reached XP level 7. HP: 60/62 MP: 6/6
  3546 | D:4      | Identified a scroll of acquirement
  3547 | D:4      | Acquired the +3 war axe "Uzxaimob" {vorpal, rF+ rC+ rN+
                  | Dex+3}
  3929 | D:4      | Found an opulent altar of Gozag.
  3935 | D:4      | Reached skill level 8 in Shields
  3941 | D:4      | Became a worshipper of Gozag Ym Sagoz the Greedy
  3968 | D:5      | Entered Level 5 of the Dungeon
  4020 | D:5      | Reached skill level 1 in Evocations
  4160 | D:5      | Reached XP level 8. HP: 71/71 MP: 7/7
  4204 | D:5      | Found a staircase to the Ecumenical Temple.
  4256 | D:5      | Reached skill level 9 in Shields
  4374 | D:5      | Found Bustiet's Jewellery Shoppe.
  5013 | D:5      | Bought an amulet of reflection for 360 gold pieces
  5041 | Temple   | Entered the Ecumenical Temple
  5300 | D:6      | Noticed Pikel
  5309 | D:6      | Killed Pikel
  5310 | D:6      | Reached skill level 10 in Shields
  5310 | D:6      | Reached XP level 9. HP: 76/79 MP: 8/8
  5327 | D:6      | Found a glowing golden altar of the Shining One.
  5453 | D:6      | Noticed Edmund
  5460 | D:6      | Killed Edmund
  5645 | D:6      | Noticed Prince Ribbit
  5657 | D:6      | Killed Prince Ribbit
  5855 | D:6      | Noticed Maggie
  5861 | D:6      | Killed Maggie
  5862 | D:6      | Reached skill level 11 in Shields
  6453 | D:7      | Found a snail-covered altar of Cheibriados.
  7079 | D:8      | Found Nidwilyo's Weapon Shop.
  7088 | D:8      | Found Ucymnoj's Weapon Emporium.
  7133 | D:8      | Reached XP level 10. HP: 77/90 MP: 9/9
  7346 | D:8      | Found a hazy altar of Hepliaklqana.
  7690 | D:8      | Reached skill level 12 in Shields
  7777 | D:8      | Identified the +10 dagger of Epipnomp {vorpal, Will- Int+3
                  | Dex+6}
  7809 | D:8      | Noticed a two-headed ogre
  7861 | D:8      | Reached skill level 5 in Evocations
  7915 | D:8      | Killed a two-headed ogre
  8526 | D:9      | Noticed a rust devil
  8528 | D:9      | Noticed a soul eater
  8572 | D:9      | Found a white marble altar of Elyvilon.
  8628 | D:9      | Found an iron altar of Okawaru.
  8933 | D:9      | Learned a level 2 spell: Poisonous Vapours
  8982 | D:9      | Reached skill level 13 in Shields
  9036 | D:9      | Noticed a two-headed ogre
  9037 | D:9      | Paralysed by a floating eye for 2 turns
  9037 | D:9      | Noticed a two-headed ogre
  9042 | D:9      | Killed a two-headed ogre
  9043 | D:9      | Reached skill level 10 in Fighting
  9046 | D:9      | Reached XP level 11. HP: 99/99 MP: 10/10
  9093 | D:9      | Killed a two-headed ogre
  9588 | D:9      | Found a staircase to the Lair.
  9604 | D:9      | Reached skill level 10 in Axes
 10041 | D:10     | Entered Level 10 of the Dungeon
 10091 | D:10     | Found a bloodstained altar of Trog.
 10094 | D:10     | Found a staircase to the Orcish Mines.
 10133 | D:10     | Found an ornate altar of the Wu Jian Council.
 10138 | D:10     | Noticed a purple ugly thing
 10149 | D:10     | Killed a purple ugly thing
 10264 | D:10     | Found a blossoming altar of Fedhas.
 10289 | D:10     | Noticed an oklob plant
 10433 | D:10     | Found a sacrificial altar of Ru.
 10492 | D:10     | Noticed an ice dragon
 10529 | D:10     | Killed an ice dragon
 10530 | D:10     | Reached skill level 1 in Ice Magic
 10530 | D:10     | Reached skill level 1 in Air Magic
 10530 | D:10     | Reached skill level 1 in Poison Magic
 11085 | D:10     | Identified the ring "Acyacits" {Str+6 SInv}
 11262 | Lair:1   | Entered Level 1 of the Lair of Beasts
 11415 | D:11     | Found a frozen archway.
 11547 | IceCv    | Entered an ice cave
 11639 | IceCv    | Reached skill level 14 in Shields
 14207 | D:11     | Reached XP level 12. HP: 88/110 MP: 11/11
 14893 | D:9      | Bought a scroll of identify for 24 gold pieces
 14893 | D:9      | Bought a scroll of identify for 24 gold pieces
 15217 | Lair:1   | Noticed a five-headed hydra
 15222 | Lair:1   | Killed a five-headed hydra
 15388 | Lair:1   | Noticed a five-headed hydra
 15393 | Lair:1   | Killed a five-headed hydra
 15709 | Lair:1   | Noticed a five-headed hydra
 15712 | Lair:1   | Killed a five-headed hydra
 16189 | Lair:2   | Reached skill level 15 in Shields
 17257 | Lair:3   | Noticed an eight-headed hydra
 17279 | Lair:3   | Killed a 13-headed hydra
 17388 | Lair:3   | Reached XP level 13. HP: 81/119 MP: 12/12
 17600 | Lair:3   | Found a staircase to the Snake Pit.
 19506 | Lair:4   | Found a staircase to the Swamp.
 19524 | Lair:4   | Reached skill level 10 in Evocations
 19768 | Lair:4   | Noticed Josephine
 20334 | Lair:4   | Killed Josephine
 20525 | Lair:4   | Reached skill level 16 in Shields
 20700 | Lair:4   | Noticed Rupert
 20700 | Lair:4   | Paralysed by Rupert for 5 turns
 20723 | Lair:4   | Killed Rupert
 20724 | Lair:4   | Reached skill level 5 in Armour
 21224 | Lair:4   | HP: 6/123 [death yak (25)]
 22094 | Lair:5   | Reached XP level 14. HP: 109/130 MP: 13/13
 22478 | Lair:5   | Found a bloodstained altar of Trog.
 22699 | Lair:5   | Found a burning altar of Makhleb.
 23192 | Lair:5   | Found a viscous altar of Jiyva.
 23192 | Lair:5   | Found a staircase to the Slime Pits.
 23501 | Lair:6   | Entered Level 6 of the Lair of Beasts
 23601 | Lair:6   | Found a dark tunnel.
 23715 | Volcano  | Entered a volcano
 24227 | Volcano  | Found a burning altar of Makhleb.
 24878 | Lair:5   | Reached skill level 17 in Shields
 25640 | Lair:6   | Reached skill level 15 in Fighting
 26464 | Lair:6   | Found a burning altar of Makhleb.
 26485 | Lair:6   | Reached skill level 15 in Axes
 26498 | Lair:6   | Reached XP level 15. HP: 112/141 MP: 14/14
 26723 | Lair:6   | Found a gateway to Hell.
 28545 | D:13     | Reached skill level 10 in Armour
 28848 | D:13     | Found a gate to the Vaults.
 28960 | D:13     | Noticed a tengu reaver
 29638 | D:13     | Killed from afar by a tengu reaver

Illustrated notes

Levels and vault maps discovered:
D:1:      heliophobic_arrival_dark_side_of_the_moon, layout_basic,
          hellmonk_ecumenical_altar_run_dry, hangedman_decor_peaks_small
D:2:      layout_loops_ring, serial_shops, nicolae_shop_trees, shop,
          uniq_natasha, uniq_terence, uniq_sigmund
D:3:      layout_basic, lemuel_round_altar, lightli_sewer_entry_pipes
D:4:      layout_rooms, mainiacjoe_overflow_alcove_2
D:5:      layout_loops_ring, minmay_temple_entry_junction_2, serial_shops,
          nicolae_shop_waterfront, minmay_misc_feat_cross, grunt_ministairs_11,
          kennysheep_boxes
D:6:      minmay_bubble_buster, layout_basic, lemuel_tele_altar, uniq_maggie,
          uniq_edmund, uniq_pikel, uniq_prince_ribbit1
D:7:      layout_gridville, kennysheep_slug_shrine, hex_medium,
          grunt_ministairs_13, kennysheep_generic_room_4
D:8:      layout_loops_corners, old_standard_altar, serial_shops,
          nicolae_shop_behind_doors, nicolae_lakefront_shop,
          minmay_misc_feat_iff, kennysheep_windowed_goal
D:9:      layout_irregular_city, okawaru_metal_pillars_3,
          mainiacjoe_overflow_cross_hatched, david_lair_shrubbed, fountainhead,
          onia_ninara_cookie
D:10:     dragon1_lemuel, layout_cave_pools, nicolae_ru_awakened_eye,
          mainiacjoe_overflow_concentric_impassable, tgw_fedhas,
          mainiacjoe_overflow_chevrons
D:11:     layout_big_octagon, portal_ice_cave_demonic_guard
D:12:     layout_loops_ring
D:13:     thingy_vault, layout_rooms, erik_vaults_1
Temple:   jpeg_temple_clearing
Lair:1:   layout_loops_ring, minmay_lair_oklob_chamber, grunt_megastairs_5,
          serial_bayou_shore_a, lemuel_fruit_fields, lemuel_fruit_tree
Lair:2:   layout_hall_layers, grunt_megastairs_4, infiniplex_staircase_pool,
          serial_bayou_shore_b
Lair:3:   layout_roguey, minmay_snake_entry_guardpost_large, ldierk_geyser,
          st_stairs_4
Lair:4:   layout_cave_pods, minmay_swamp_entry_reptiles, grunt_megastairs_1,
          uniq_rupert, uniq_josephine
Lair:5:   layout_regular_city, dpeg_slime_entry_enclosed_altar, basic_altar,
          lemuel_oklob_altar
Lair:6:   evil_forest, layout_hall_layers, nicolae_volcano_entry_hallway,
          wad_woods_road_03, st_stairs_3, grunt_megastairs_3

Skill      XL: |  1  2  3  4  5  6  7  8  9 10 11 12 13 14 15 |
---------------+----------------------------------------------+-----
Shields        | 4 6 7 8 10 11 13 14 15 16 17 | 17.8
Fighting       | 4 5 6 7 8 10 11 12 13 15 | 15.7
Axes           | 3 4 5 7 8 9 11 12 13 15 | 15.6
Evocations     | 1 3 4 6 7 9 10 | 10.0
Ice Magic      | 1 |  1.0
Air Magic      | 1 |  1.0
Poison Magic   | 1 |  1.0
Armour         | 5 9 10 | 10.0

Action                   |  1- 3 |  4- 6 |  7- 9 | 10-12 | 13-15 || total
-------------------------+-------+-------+-------+-------+-------++-------
Melee: War axe           |    71 |   113 |   219 |   568 |   873 ||  1844
       Headbutt          |     6 |    25 |    49 |   147 |   252 ||   479
 Fire: Hunting sling     |       |       |       |    46 |       ||    46
Throw: Dart              |       |       |     7 |    10 |       ||    17
       Throwing net      |       |       |       |     1 |       ||     1
 Cast: Poisonous Vapours |       |       |       |     7 |     5 ||    12
Invok: Call Merchant     |       |       |       |     1 |     3 ||     4
Evoke: Wand              |       |       |     6 |    24 |    29 ||    59
       Tin of tremorston |       |       |       |     2 |     4 ||     6
  Use: Potion            |     1 |       |     1 |     5 |     6 ||    13
       Scroll            |       |     5 |     6 |     6 |     4 ||    21
 Stab: Paralysed         |       |       |       |     5 |     8 ||    13
       Distracted        |       |       |       |     2 |     5 ||     7
Armor: Scale mail        |    32 |     2 |       |       |       ||    34
       Chain mail        |       |    56 |    54 |       |       ||   110
       Swamp dragon scal |       |       |    12 |    72 |   102 ||   186
Dodge: Dodged            |    13 |    24 |    58 |   156 |   179 ||   430
Block: Kite shield       |    24 |    68 |   143 |   476 |   501 ||  1212
       Reflection        |       |       |     3 |    20 |    21 ||    44
       Tower shield      |       |       |       |       |   282 ||   282
